 Dungeon Crawl Stone Soup version 0.23.2-40-g277498a001 (webtiles) character file.

Game seed: 9881576445580098040

9 Araneus the Sneak (level 2, -2/13 HPs)
             Began as a Spriggan Enchanter on Aug 26, 2019.
             Slain by a hobgoblin
             ... wielding a +0 club
              (7 damage)
             ... on level 1 of the Dungeon.
             The game lasted 00:01:56 (421 turns).

Araneus the Sneak (Spriggan Enchanter)               Turns: 421, Time: 00:01:57

Health: -2/13      AC:  2    Str:  4    XL:     2   Next: 6%
Magic:  6/6        EV: 18    Int: 16    God:
Gold:   27         SH:  0    Dex: 16    Spells: 3/6 levels left

rFire    . . .     SeeInvis +   a - +1 dagger
rCold    . . .     Gourm    .   (shield restricted)
rNeg     . . .     Faith    .   b - +0 robe
rPois    .         Spirit   .   (helmet restricted)
rElec    .         Reflect  .   (no cloak)
rCorr    .         Harm     .   (gloves unavailable)
MR       .....                  (boots unavailable)
Stlth    +++.......             (no amulet)
HPRegen  0.04/turn              (no ring)
MPRegen  0.10/turn              (no ring)

@: very quick
A: very small, unfitting armour, see invisible, herbivore, speed 3, slow
metabolism 2
a: no special abilities


You were on level 1 of the Dungeon.
You were not hungry.

You visited 1 branch of the dungeon, and saw 1 of its levels.

You collected 27 gold pieces.

Inventory:

Hand Weapons
 a - a +1 dagger (weapon)
Armour
 b - a +0 robe (worn)
Jewellery
 h - an uncursed ring of protection from cold {unknown}
Scrolls
 c - a scroll of remove curse {unknown}
 f - 2 scrolls of identify {unknown}
 i - a scroll of blinking {unknown}
Potions
 e - a potion of heal wounds {unknown}
 g - a potion of mutation {unknown}
 j - 2 potions of might {unknown}
 k - a potion of curing {unknown}
Comestibles
 d - 2 rations


   Skills:
 + Level 1.1 Short Blades
 - Level 3.0 Dodging
 + Level 4.7 Stealth
 - Level 2.6 Spellcasting
 * Level 4.1 Hexes


You had 3 spell levels left.
You knew the following spells:

 Your Spells              Type           Power        Failure   Level  Hunger
a - Corona                Hex            ###....      3%          1    #......
b - Ensorcelled Hibernat  Hex/Ice        #.....       12%         2    ##.....

Your spell library contained the following spells:

 Spells                   Type           Power        Failure   Level  Hunger
 Confuse                  Hex            ###.....     11%         3    ###....
 Tukima's Dance           Hex            ###.....     11%         3    ###....
 Dazzling Spray           Conj/Hex       #.....       24%         3    ###....


Dungeon Overview and Level Annotations

Branches:
Dungeon (1/15)

Altars:


Innate Abilities, Weirdness & Mutations

You are very small and have problems with some larger weapons.
You are too small for most types of armour.
You have supernaturally acute eyesight. (SInv)
You are a herbivore.
You cover ground extremely quickly.
You need to consume almost no food.


Message History

You kill the goblin!
You see here a cursed -3 dagger.
k - a lumpy grey potion You now have 18 gold pieces (gained 9).
d - 2 rations (gained 1)
You now have 27 gold pieces (gained 9).
A hobgoblin comes into view. It is wielding a +0 club.
The hobgoblin hits you with a +0 club.
You hit the hobgoblin.
The hobgoblin is moderately wounded.
The hobgoblin hits you with a +0 club.
You are too injured to fight recklessly!
You are too injured to fight recklessly!
You are too injured to fight recklessly!
You are too injured to fight recklessly!
You hit the hobgoblin.
The hobgoblin is heavily wounded.
The hobgoblin hits you with a +0 club!
Ouch! That really hurt!
You die...

# #. #. ## #. . #.##
#... #..# #.# #g.#
#.# #.@#### #######.#
#!....# ........#
##.##.# ##......#
#.#.#.####. #.####.#
#..###..... #)# #.#
##....###
#.####.########.##..#
#...................#
######.########.#...#


You could see a hobgoblin.

Vanquished Creatures
  A giant cockroach (D:1)
  2 goblins (D:1)
  A hobgoblin (D:1)
  3 bats (D:1)
  A kobold (D:1)
  A rat (D:1)
9 creatures vanquished.

Notes
Turn   | Place    | Note
-------+----------+-------------------------------------------
     0 | D:1      | Araneus the Spriggan Enchanter began the quest for the Orb.
     0 | D:1      | Reached XP level 1. HP: 9/9 MP: 5/5
   107 | D:1      | Reached XP level 2. HP: 6/13 MP: 6/6
   112 | D:1      | Learned a level 2 spell: Ensorcelled Hibernation
   421 | D:1      | Slain by a hobgoblin

Skill      XL: |  1 |
---------------+----+-----
Hexes          | 4 |  4.1
Short Blades   | |  1.1
Dodging        | |  3.0
Stealth        | |  4.7
Spellcasting   | |  2.6

Action                   || total
-------------------------++-------
Melee: Dagger            ||    44
 Stab: Sleeping          ||     2
Armor: Robe              ||    10
Dodge: Dodged            ||    39
